 Dungeon Crawl Stone Soup version 0.28.0-47-ge53b351184 (webtiles) character file.

Game seed: 10335193084620481656

140 pkoi the Stinger (level 4, -1/35 HPs)
             Began as a Demigod Venom Mage on May 7, 2022.
             Slain by Grinder (5 damage)
             ... while paralysed by Grinder
             ... on level 3 of the Dungeon.
             The game lasted 00:05:22 (3499 turns).

pkoi the Stinger (Demigod Venom Mage)               Turns: 3499, Time: 00:05:22

Health: -1/35      AC:  3    Str:  9    XL:     4   Next: 72%
Magic:  16/18      EV:  2    Int: 21    God:
Gold:   212        SH:  0    Dex: 14    Spells: 4/7 levels left

rFire   . . .      SeeInvis .   r - +2 hand axe (vamp)
rCold   . . .      Faith    .   (no shield)
rNeg    . . .      Spirit   .   a - +0 robe
rPois   .          Reflect  .   (no helmet)
rElec   .          Harm     .   m - +0 cloak
rCorr   .          Rampage  .   (no gloves)
Will    .....                   (no boots)
Stlth   ++........              (no amulet)
HPRegen 0.11/turn               u - ring of magical power
MPRegen 0.16/turn               (no ring)

@: paralysed
A: high MP 1, forlorn, divine attributes
a: no special abilities


You were on level 3 of the Dungeon.
You visited 1 branch of the dungeon, and saw 3 of its levels.

You collected 212 gold pieces.

Inventory:

Hand Weapons
 b - a +0 club
 c - a +0 short sword
 p - a +0 dagger of pain
 r - a +2 vampiric hand axe (weapon)
Armour
 a - a +0 robe (worn)
 m - a +0 cloak (worn)
Jewellery
 u - a ring of magical power (left hand)
Scrolls
 d - a scroll of teleportation {unknown}
 f - a scroll of brand weapon {unknown}
 g - 4 scrolls of identify {unknown}
 i - a scroll of enchant weapon {unknown}
 j - a scroll of blinking {unknown}
 l - 2 scrolls of vulnerability {unknown}
 n - a scroll of immolation {unknown}
 o - a scroll of enchant armour {unknown}
 t - a scroll of fear {unknown}
Potions
 e - a potion of cancellation {unknown}
 h - a potion of lignification {unknown}
 k - 2 potions of brilliance {unknown}
 q - 2 potions of haste {unknown}
 s - a potion of flight {unknown}


   Skills:
 + Level 1.1 Fighting
 + Level 1.0 Armour
 + Level 2.2 Dodging
 - Level 1.7 Stealth
 + Level 2.1 Spellcasting
 - Level 1.0 Transmutations
 + Level 1.1 Air Magic
 + Level 4.1 Poison Magic


You had 4 spell levels left.
You knew the following spells:

 Your Spells              Type           Power      Damage    Failure   Level
a - Sting                 Tmut/Pois      48%        1d5       4%          1
b - Poisonous Vapours     Pois/Air       26%        N/A       8%          2

Your spell library contained the following spells:

 Spells                   Type           Power      Damage    Failure   Level
 Magic Dart               Conj           8%         1d3       14%         1
 Summon Small Mammal      Summ           8%         N/A       14%         1
 Searing Ray              Conj           4%         2d4       22%         2
 Mephitic Cloud           Conj/Pois/Air  9%         N/A       22%         3
 Olgreb's Toxic Radiance  Pois           19%        N/A       26%         4
 Call Canine Familiar     Summ           2%         N/A       41%         3
 Summon Guardian Golem    Hex/Summ       2%         N/A       41%         3
 Fulminant Prism          Conj/Hex       1%         3d6       82%         4


Dungeon Overview and Level Annotations

Branches:
Dungeon (3/15)

Annotations:
D:3 Grinder


Innate Abilities, Weirdness & Mutations

You have an increased reservoir of magic. (+10% MP)
You shall have no god before yourself.
Your divine heritage dramatically boosts your attributes as you level up.


Message History

Found a stone staircase leading up.
You feel your magic capacity increase.
u - a ring of magical power (left hand)
Found a stone staircase leading down.
There is a stone staircase leading down here.
A goblin comes into view. It is wielding a +0 club.
A goblin is nearby!
A goblin is nearby!
The goblin shouts!
The sting misses the goblin.
The sting hits the goblin.
The goblin is poisoned.
The goblin is severely wounded.
The goblin hits you but does no damage.
The sting hits the goblin.
The goblin looks even sicker.
You kill the goblin!
You see here a +0 club.
There is a stone staircase leading down here.
Grinder comes into view.
Grinder is nearby!
Grinder is nearby!
The sting hits Grinder.
Grinder partially resists.
Grinder is lightly wounded.
The sting hits Grinder but does no damage.
Grinder is poisoned.
Grinder is lightly wounded.
The sting hits Grinder.
Grinder looks even sicker.
Grinder is lightly wounded.
Grinder gestures at you.
You suddenly lose the ability to move!
Grinder gestures at you. Pain shoots through your body!
* * * LOW HITPOINT WARNING * * *
Grinder hits you.
* * * LOW HITPOINT WARNING * * *
You writhe in agony.
* * * LOW HITPOINT WARNING * * *
Grinder hits you!
* * * LOW HITPOINT WARNING * * *
You writhe in agony.
You die...

.......# ######.#
.# .....#.# .#
...#.#)# .#
...#.#.# .#
.#.#.#.# .#
.....#.# .#
#..###.##########5#
......>.........@.#
...#.##############
..##.# ..##.#
..##.# ..##.#
..##.# ..##.#######
.<##............#


You could see Grinder (very poisoned).

Vanquished Creatures
  Terence (D:2)
  2 orc wizards (D:3)
  An adder (D:3)
  2 dart slugs (D:1)
  5 orcs (D:3)
  2 endoplasms (D:1)
  4 hobgoblins
  4 jackals (D:3)
  2 quokkas
  6 bats
  A frilled lizard (D:3)
  7 goblins
  3 kobolds
  8 rats
48 creatures vanquished.

Notes
Turn   | Place    | Note
-------+----------+-------------------------------------------
     0 | D:1      | pkoi the Demigod Venom Mage began the quest for the Orb.
     0 | D:1      | Reached XP level 1. HP: 14/14 MP: 5/5
   345 | D:1      | Reached skill level 3 in Poison Magic
   739 | D:1      | Reached XP level 2. HP: 19/20 MP: 2/7
  1524 | D:2      | Learned a level 2 spell: Poisonous Vapours
  1566 | D:2      | Noticed Terence
  1585 | D:2      | Killed Terence
  1586 | D:2      | Reached XP level 3. HP: 15/26 MP: 3/8
  2694 | D:3      | Reached skill level 4 in Poison Magic
  2694 | D:3      | Reached XP level 4. HP: 27/34 MP: 0/9
  2826 | D:3      | Reached skill level 1 in Fighting
  2826 | D:3      | Reached skill level 1 in Armour
  2962 | D:3      | Reached skill level 1 in Transmutations
  2962 | D:3      | Reached skill level 1 in Air Magic
  3493 | D:3      | Noticed Grinder
  3496 | D:3      | Paralysed by Grinder for 4 turns
  3499 | D:3      | Slain by Grinder

Illustrated notes

Levels and vault maps discovered:
D:1:      wander_arrival_estate, layout_basic,
          hellmonk_ecumenical_altar_defaced_shrine
D:2:      minmay_skewed_foursquare, layout_basic, basic_altar,
          serial_park_tiny_2, chequers_serial_rivers_micro_e,
          chequers_serial_rivers_micro_c, uniq_terence
D:3:      layout_basic, uniq_grinder

Skill      XL: |  1  2  3  4 |
---------------+-------------+-----
Poison Magic   | 3 4 |  4.1
Dodging        | 2 |  2.2
Spellcasting   | 2 |  2.1
Fighting       | 1 |  1.1
Armour         | 1 |  1.0
Transmutations | 1 |  1.0
Air Magic      | 1 |  1.1
Stealth        | |  1.7

Action                   |  1- 3 |  4- 6 || total
-------------------------+-------+-------++-------
Melee: Dagger            |       |     2 ||     2
       Short sword       |       |     1 ||     1
 Cast: Sting             |    69 |    29 ||    98
       Poisonous Vapours |     5 |       ||     5
Armor: Robe              |     7 |     4 ||    11
Dodge: Dodged            |    16 |     5 ||    21
